 Dungeon Crawl Stone Soup version 0.22-a0-351-g29664b4 (webtiles) character file.

12 iamserjio the Insei (level 2, -6/21 HPs)
             Began as a Demonspawn Transmuter on Apr 12, 2018.
             Mangled by a hobgoblin
             ... wielding a +0 club
             ... led by Robin
              (10 damage)
             ... on level 1 of the Dungeon.
             The game lasted 00:02:36 (749 turns).

iamserjio the Insei (Demonspawn Transmuter)          Turns: 749, Time: 00:02:37

Health: -6/21      AC:  2    Str: 10    XL:     2   Next: 20%
Magic:  4/5        EV: 12    Int: 14    God:
Gold:   19         SH:  0    Dex: 13    Spells: 4/5 levels left

rFire    . . .     SeeInvis .     - Unarmed
rCold    . . .     Gourm    .   (no shield)
rNeg     . . .     Faith    .   b - +0 robe
rPois    .         Spirit   .   (no helmet)
rElec    .         Reflect  .   (no cloak)
rCorr    .         Harm     .   (no gloves)
MR       .....                  (no boots)
Stlth    +.........             (no amulet)
HPRegen  0.07/turn              (no ring)
MPRegen  0.09/turn              (no ring)

@: appendage
A: horns 2, powered by pain 1
a: End Transformation


You were on level 1 of the Dungeon.
You were not hungry.
You had grown temporary horns.
You visited 1 branch of the dungeon, and saw 2 of its levels.

You collected 19 gold pieces.

Inventory:

Hand Weapons
 e - a +0 dagger of venom
Missiles
 a - 81 arrows
 g - 17 stones (quivered)
Armour
 b - a +0 robe (worn)
Jewellery
 j - a cursed amulet of inaccuracy {unknown}
Scrolls
 c - a scroll of immolation {unknown}
 h - a scroll of enchant weapon {unknown}
 i - a scroll of identify {unknown}
Comestibles
 d - 4 rations


   Skills:
 + Level 1.3 Fighting
 - Level 2.0 Dodging
 * Level 3.0 Unarmed Combat
 - Level 2.0 Spellcasting
 + Level 2.0 Transmutations


You had 4 spell levels left.
You knew the following spells:

 Your Spells              Type           Power        Failure   Level  Hunger
a - Beastly Appendage     Tmut           #.....       11%         1    ##.....


Dungeon Overview and Level Annotations

Branches:
Dungeon (2/15)

Altars:
The Shining One

Annotations:
D:1 Robin


Innate Abilities, Weirdness & Mutations

You sometimes gain a little power by taking damage.
You have a pair of horns on your head.


Message History

You barely miss Robin. The hobgoblin barely misses you.
Robin hits you with an enchanted club! The goblin closely misses you.
The goblin hits you.
You hit Robin.
Robin is lightly wounded.
The hobgoblin hits you with a club.
* * * LOW HITPOINT WARNING * * *
You hit Robin but do no damage.
Robin is lightly wounded.
The goblin hits you with a dagger.
* * * LOW HITPOINT WARNING * * *
The goblin misses you. Robin hits you but does no damage.
The hobgoblin closely misses you.
You hit Robin. You headbutt Robin, but do no damage.
Robin is moderately wounded.
The goblin hits you but does no damage. The goblin closely misses you.
Robin roars a battlecry!
The goblins go into a battle-frenzy!
The hobgoblin hits you with a club!
You die...

#......# #.# #
#.###### #.# # #.#
#.# # #.# #.# #
#.# #.# # #.#
##.## # ##.##
##...## # ##...##
#...g.# # #.....#
##g@g## # ##...##
##g## # ##..# #.#
# ###.### #.# #
#.....# #.#
######.#.#.#####.#
#.............##.#
#.#####.#####.##.#
#.#...#.#...#.##.#


You could see Robin, a hobgoblin and 2 goblins.

Vanquished Creatures
  A giant cockroach (D:1)
  2 goblins (D:1)
  A hobgoblin (D:1)
  3 kobolds (D:1)
  3 bats (D:1)
  A frilled lizard (D:1)
11 creatures vanquished.

Notes
Turn   | Place    | Note
-------+----------+-------------------------------------------
     0 | D:1      | iamserjio the Demonspawn Transmuter began the quest for the Orb.
     0 | D:1      | Reached XP level 1. HP: 15/15 MP: 3/3
   233 | D:1      | Gained mutation: You sometimes gain a little power by taking damage. [demonic ancestry]
   233 | D:1      | Reached XP level 2. HP: 21/21 MP: 5/5
   371 | D:1      | Reached skill level 3 in Unarmed Combat
   382 | D:1      | Found a glowing golden altar of the Shining One.
   742 | D:2      | Noticed Robin
   749 | D:1      | Mangled by a hobgoblin

Vault maps used:
D:1:      minmay_arrival_four_houses, tso_metal_star
D:2:      grunt_dithmenos_smoke, nicolae_overflow_hidden_temple,
          grunt_temple_overflow_cloverleaf, uniq_robin

Skill      XL: |  1  2 |
---------------+-------+-----
Dodging        | 2 |  2.0
Transmutations | 2 |  2.0
Unarmed Combat | 3 |  3.0
Fighting       | |  1.3
Spellcasting   | |  2.0

Action                   || total
-------------------------++-------
Melee: Unarmed           ||    54
       Headbutt          ||     2
       Punch             ||     1
 Cast: Beastly Appendage ||     3
 Stab: Sleeping          ||     1
Armor: Robe              ||    20
Dodge: Dodged            ||    56

Table legend:
 A = Spawn XP
 B = Non-spawn XP
 C = Spawn XP percentage of total XP
 D = Spawn monster count
 E = Non-spawn monster count
 F = Spawn count percentage of total count
 G = Total turns spent on level
                    A         B        C        D         E        F      G
               +---------+---------+-------+---------+---------+-------+---------
         Total |       0 |      18 |   0.0 |       0 |      11 |   0.0 |   749
               +---------+---------+-------+---------+---------+-------+---------
           D:1 |       0 |      18 |   0.0 |       0 |      11 |   0.0 |   747
               +---------+---------+-------+---------+---------+-------+---------
